 Dungeon Crawl Stone Soup version 0.14.0-6-g1bc2dff (webtiles) character file.

270 Ragg the Digger (level 4, -3/39 HPs)
             Began as a Troll Earth Elementalist on Apr 12, 2014.
             Killed from afar by an orc wizard (12 damage)
             ... with a puff of flame
             ... on Level 3 of the Dungeon.
             The game lasted 00:05:37 (2350 turns).

Ragg the Digger (Troll Earth Elementalist)          Turns: 2350, Time: 00:05:38

HP  -3/39        AC  5     Str 16      XL: 4   Next: 89%
MP   0/4         EV  9     Int 12      God:
Gold 140         SH  0     Dex 10      Spells:  2 memorised,  2 levels left

rFire  . . .     SeeInvis .     b - 51 stones
rCold  . . .     Clarity  .     h - +0 robe
rNeg   . . .     Conserve .     (shield restricted)
rPois  .         rCorr    .     (helmet restricted)
rElec  .         rRot     .     (no cloak)
SustAb . .       Spirit   .     (gloves unavailable)
rMut   .         Warding  .     (boots unavailable)
Gourm  +         Stasis   .     (no amulet)
MR     .....                    (no ring)
                                (no ring)

@: very slightly contaminated, not resistant to hostile enchantments, unstealthy
A: unfitting armour, claws 3, fast metabolism 3, gourmand, regeneration 2,
saprovore 2, shaggy fur 1, tough skin 2
a: no special abilities


You were on level 3 of the Dungeon.
You were completely stuffed.

You visited 1 branch of the dungeon, and saw 3 of its levels.

You collected 140 gold pieces.

Inventory:

Hand weapons
 a - a +2,+1 dagger of venom
Missiles
 b - 51 stones (in claw)
Armour
 h - a +0 robe (worn)
Comestibles
 g - 5 meat rations
 i - 2 bread rations
 k - a choko
 o - an apple
 v - 3 chunks of orc flesh
 x - a chunk of giant cockroach flesh
Scrolls
 f - 3 scrolls of fog {unknown}
 l - 4 scrolls of teleportation {unknown}
 m - 2 scrolls of immolation {unknown}
 p - a scroll of identify {unknown}
 q - a scroll of recharging {unknown}
 r - 3 scrolls of remove curse {unknown}
 s - a scroll of random uselessness {unknown}
 u - a scroll of amnesia {unknown}
 y - a scroll of magic mapping {unknown}
Jewellery
 n - an uncursed ring of poison resistance {unknown}
Potions
 c - a potion of resistance {unknown}
 e - 4 potions of curing
 j - a potion of lignification {unknown}
Books
 d - a book of Geomancy

   Spells                             Type                      Level
   *Sandblast                         Earth                        1
   Stoneskin                          Transmutation/Earth          2
   Passwall                           Transmutation/Earth          3
   *Stone Arrow                       Conjuration/Earth            3
   Petrify                            Transmutation/Earth          4
   Lee's Rapid Deconstruction         Earth                        5
Magical staves
 t - an uncursed staff of summoning


   Skills:
 - Level 1.5 Dodging
 - Level 1.1 Stealth
 + Level 1.8 Spellcasting
 + Level 1.3 Conjurations
   Level 0.6 Transmutations
 + Level 4.2 Earth Magic


You had 2 spell levels left.
You knew the following spells:

 Your Spells              Type           Power        Failure   Level  Hunger
a - Sandblast             Erth           ##....       6%          1    ##.....
b - Stone Arrow           Conj/Erth      #.....       30%         3    ####...


Dungeon Overview and Level Annotations

Branches:
Dungeon (3/15)

Altars:
Fedhas
The Shining One


Innate Abilities, Weirdness & Mutations

You are too large for most types of armour.
You have claws for hands.
Your metabolism is lightning-fast.
You like to eat raw meat.
You heal very quickly.
You can eat rotten meat.
You are covered in fur (AC +1).
You have very tough skin (AC +2).


Message History

The orc wizard gestures at you while chanting.
The puff of flame misses you.
Casting: Sandblast
Confirm with . or Enter, or press ? or * to list all spells.
Aiming: Sandblast
Press: ? - help, Shift-Dir - straight line, f/p - orc wizard
Aim: an orc wizard, wielding a whip and wearing a robe (almost dead, poisoned, moving very quickly)
The rocky blast misses the orc wizard.
The rocky blast hits the orc.
The orc wizard closely misses you.
Casting: Sandblast
Confirm with . or Enter, or press ? or * to list all spells.
You don't have enough magic to cast that spell.
Casting: Sandblast
Confirm with . or Enter, or press ? or * to list all spells.
You don't have enough magic to cast that spell.
Drink which item? (? for menu, Esc to quit)
You feel better.
It was a potion of curing.
The orc wizard casts a spell at you. The puff of flame hits you!
You die...

#.# #.......## #.#
#.......## #.#
#.......#. #.#
#.......'. #.#
#.......## #o#
#.......# #o# #.......#
#o# ###'##### #@# #.#
######o#### #.#
#.........# #<#
#.........### #.#
#.........'.####.#
#.........#....#.#
#.........####...######
#.........# ###......<
######'#### #.######


You could see 2 orc wizards and 2 orcs.

Vanquished Creatures
  2 orc priests (D:3)
  An adder (D:3)
  A worm (D:2)
  7 orcs (D:3)
  8 bats
  4 giant cockroaches
  6 hobgoblins
  3 jackals (D:1)
  4 kobolds
  3 quokkas
  3 goblins
  5 rats
47 creatures vanquished.

Notes
Turn   | Place    | Note
--------------------------------------------------------------
     0 | D:1      | Ragg, the Troll Earth Elementalist, began the quest for the Orb.
     0 | D:1      | Reached XP level 1. HP: 16/16 MP: 2/2
   197 | D:1      | Reached skill level 3 in Earth Magic
   280 | D:1      | Reached XP level 2. HP: 24/24 MP: 2/2
  1094 | D:2      | Found a glowing golden altar of the Shining One.
  1261 | D:2      | Reached XP level 3. HP: 23/31 MP: 3/3
  1266 | D:2      | Learned a level 3 spell: Stone Arrow
  1907 | D:3      | Found a blossoming altar of Fedhas.
  1988 | D:3      | Reached XP level 4. HP: 21/39 MP: 3/4
  2058 | D:3      | Reached skill level 4 in Earth Magic
  2140 | D:3      | Reached skill level 1 in Conjurations
  2350 | D:3      | Killed from afar by an orc wizard

Action                   |  1- 3 |  4- 6 || total
-------------------------+-------+-------++-------
Melee: Dagger            |   122 |    51 ||   173
       Unarmed           |     6 |       ||     6
 Cast: Sandblast         |     2 |     3 ||     5
  Use: Potion            |       |     1 ||     1
